Match 39857209
Unlisted

Match 39857209
End
Panzerpioneer Squad
250 Light Carrier
Selects Panzerjäger Kommand Battlegroup
Panzergrenadier Squad
Construct Light Support Kompanie
Combat Half-tracks
Selects GrB 39 Grenade Launcher Requisition
Assault Grenadier Squad
Fire Support Elements
2.5-tonne Medical Truck
Panzerjäger Mechanized Group
Construct Mechanized Kompanie
254 Reconnaissance Tractor
Veteran Squad Leaders
Selects Mine Fields
Construct Panzerarmee Kommand
Selects Defensive Positions
le.IG 18 Mechanized Group
Panzer III L Medium Tank
Assault Grenadier Squad
Armored Reserves
Selects Butterfly Bomb Drop
Butterfly Bomb Drop
Selects Crew Shock Tactics
Butterfly Bomb Drop
Tiger Heavy Tank
Vehicle Survival Package
Emergency Repair Kits
Tungsten Core Ammunition
Advanced Field Repairs
Rapid Advance
Ra11
aSIINiedi
Harvard University
Kimchi milk
0
0

Comments sign in to comment!

No comments posted yet!